TOP OF THE 1ST |
Galesburg Guzzlers batting - Pitching for Idaho Falls Chukars : RHP Hartmann Riedman
|
Pitching: RHP Hartmann Riedman
|
|
Batting: LHB Jim Unknown
|
0-0: Called Strike 0-1: Ball 1-1: Foul Ball, location: 2F 1-2: Foul Ball, location: 2F 1-2: Ball 2-2: Ball 3-2: Fly out, F8 (Popup, 4MD)
|
Batting: RHB Ralph Gilbert
|
0-0: Ball 1-0: Foul Ball, location: 2F 1-1: Ball 2-1: Ball 3-1: Base on Balls
|
Batting: LHB Chris Etheridge
|
0-0: Ball 1-0: Foul Ball, location: 2F 1-1: Called Strike 1-2: Strikes out looking
|
Batting: RHB Meka Knight
|
0-0: Ball 1-0: Ball 2-0: Ball 3-0: Called Strike 3-1: Base on Balls Ralph Gilbert to second
|
Batting: SHB Thomas Sherman
|
0-0: Fielders Choice at 2nd, 6-4 (Groundball, 6)
|
Top of the 1st over - 0 run(s), 0 hit(s), 0 error(s), 1 left on base; Galesburg 0 - Idaho Falls 0 |
BOTTOM OF THE 1ST |
Idaho Falls Chukars batting - Pitching for Galesburg Guzzlers : LHP Alfredo Sánchez
|
Pitching: LHP Alfredo Sánchez
|
|
Batting: LHB Randy Schlosser
|
0-0: Called Strike 0-1: Ball 1-1: Ball 2-1: Ball 3-1: Bunted foul 3-2: Ground out 4-3 (Groundball, 4M)
|
Batting: RHB Miguel Luna
|
0-0: Swinging Strike 0-1: Foul Ball, location: 2F 0-2: Foul Ball, location: 2F 0-2: Strikes out swinging
|
Batting: LHB Ned Durand
|
0-0: DOUBLE (Flyball, 8RXD)
|
Batting: RHB Jung-hwan Kwon
|
0-0: Swinging Strike 0-1: Foul Ball, location: 2F 0-2: Ball 1-2: SINGLE (Line Drive, 6MD) Ned Durand to third Runner from 3rd tries for Home, SAFE, no throw or cutoff
|
Batting: LHB Ramón Félix
|
0-0: Called Strike 0-1: Foul Ball, location: 2F 0-2: DOUBLE (Line Drive, 8RS) Jung-hwan Kwon to third Runner from 3rd tries for Home, SAFE, no throw or cutoff
|
Batting: RHB Adrian Rodgers
|
0-0: Called Strike 0-1: Foul Ball, location: 2F 0-2: Ball 1-2: Ball 2-2: Ball 3-2: Foul Ball, location: 2F 3-2: Foul Ball, location: 2F 3-2: Ground out 6-3 (Groundball, 6M)
|
Bottom of the 1st over - 2 run(s), 3 hit(s), 0 error(s), 1 left on base; Galesburg 0 - Idaho Falls 2 |
TOP OF THE 2ND |
Galesburg Guzzlers batting - Pitching for Idaho Falls Chukars : RHP Hartmann Riedman
|
Batting: RHB Daniel Ybarra
|
0-0: Called Strike 0-1: SINGLE (Line Drive, 7S)
|
Batting: RHB Mark Vidal
|
0-0: Called Strike 0-1: Swinging Strike 0-2: Foul Ball, location: 2F 0-2: Strikes out looking
|
Batting: LHB Martín Cruz
|
Pickoff Throw to First - Out! 0-0: Called Strike 0-1: Ball 1-1: Ball 2-1: Ball 3-1: Ground out U3 (Groundball, 3)
|
Top of the 2nd over - 0 run(s), 1 hit(s), 0 error(s), 0 left on base; Galesburg 0 - Idaho Falls 2 |
BOTTOM OF THE 2ND |
Idaho Falls Chukars batting - Pitching for Galesburg Guzzlers : LHP Alfredo Sánchez
|
Batting: RHB Ted Stephens
|
0-0: DOUBLE (Flyball, 9LS)
|
Batting: SHB Juan Rivas
|
0-0: Called Strike 0-1: Ball 1-1: Ball 2-1: Ball 3-1: SINGLE (Flyball, 9S) Ted Stephens to third
|
Batting: RHB Quigley Gibson
|
0-0: Ball Juan Rivas steals 2nd base 1-0: Foul Ball, location: 2F 1-1: Swinging Strike 1-2: Foul Ball, location: 2F 1-2: Foul Ball, location: 2F 1-2: Ball 2-2: SINGLE (Line Drive, 78S) Ted Stephens scores Juan Rivas to third Runner from 3rd tries for Home, SAFE, no throw or cutoff
|
Batting: LHB Randy Schlosser
|
0-0: Fly out, F1 (Popup, 13S)
|
Batting: RHB Miguel Luna
|
0-0: Ball 1-0: Ball 2-0: Fielders Choice at 2nd, 4-6 (Groundball, 4)
|
Batting: LHB Ned Durand
|
0-0: Called Strike 0-1: Ball 1-1: Swinging Strike 1-2: Ground out 3-1 (Groundball, 34)
|
Bottom of the 2nd over - 2 run(s), 3 hit(s), 0 error(s), 1 left on base; Galesburg 0 - Idaho Falls 4 |
TOP OF THE 3RD |
Galesburg Guzzlers batting - Pitching for Idaho Falls Chukars : RHP Hartmann Riedman
|
Batting: RHB Bubba Blevins
|
0-0: Foul Ball, location: 2F 0-1: Foul Ball, location: 2F 0-2: Strikes out swinging
|
Batting: LHB Jim Unknown
|
0-0: Called Strike 0-1: Foul Ball, location: 2F 0-2: Ball 1-2: Strikes out swinging
|
Batting: RHB Ralph Gilbert
|
0-0: Called Strike 0-1: Swinging Strike 0-2: Ball 1-2: Strikes out swinging
|
Top of the 3rd over - 0 run(s), 0 hit(s), 0 error(s), 0 left on base; Galesburg 0 - Idaho Falls 4 |
BOTTOM OF THE 3RD |
Idaho Falls Chukars batting - Pitching for Galesburg Guzzlers : LHP Alfredo Sánchez
|
Batting: RHB Jung-hwan Kwon
|
0-0: Foul Ball, location: 2F 0-1: Ball 1-1: Ground out 6-3 (Groundball, 6)
|
Batting: LHB Ramón Félix
|
0-0: Called Strike 0-1: Ball 1-1: Foul Ball, location: 2F 1-2: SINGLE (Groundball, 34D)
|
Batting: RHB Adrian Rodgers
|
0-0: Called Strike 0-1: Fly out, F8 (Flyball, 8LM)
|
Batting: RHB Ted Stephens
|
0-0: Called Strike 0-1: Ball 1-1: Ball 2-1: Foul Ball, location: 2F 2-2: Strikes out swinging
|
Bottom of the 3rd over - 0 run(s), 1 hit(s), 0 error(s), 1 left on base; Galesburg 0 - Idaho Falls 4 |
TOP OF THE 4TH |
Galesburg Guzzlers batting - Pitching for Idaho Falls Chukars : RHP Hartmann Riedman
|
Batting: LHB Chris Etheridge
|
0-0: Fly out, F8 (Flyball, 8LS)
|
Batting: RHB Meka Knight
|
0-0: Ball 1-0: Ball 2-0: Ball 3-0: Foul Ball, location: 2F 3-1: Base on Balls
|
Batting: SHB Thomas Sherman
|
0-0: Ball 1-0: Ball 2-0: Called Strike 2-1: Foul Ball, location: 2F 2-2: Ball 3-2: Base on Balls Meka Knight to second
|
Batting: RHB Daniel Ybarra
|
0-0: Called Strike 0-1: Ball 1-1: Ball 2-1: Called Strike 2-2: Foul Ball, location: 2F 2-2: Ball 3-2: Strikes out swinging
|
Batting: RHB Mark Vidal
|
0-0: Ball 1-0: Called Strike 1-1: Foul Ball, location: 2F 1-2: Ball 2-2: Strikes out swinging
|
Top of the 4th over - 0 run(s), 0 hit(s), 0 error(s), 2 left on base; Galesburg 0 - Idaho Falls 4 |
BOTTOM OF THE 4TH |
Idaho Falls Chukars batting - Pitching for Galesburg Guzzlers : LHP Alfredo Sánchez
|
Batting: SHB Juan Rivas
|
0-0: Called Strike 0-1: Swinging Strike 0-2: Ball 1-2: Ball 2-2: Ground out 1-3 (Groundball, 15)
|
Batting: RHB Quigley Gibson
|
0-0: Ball 1-0: Reached on error, E5 (Groundball, 5S)
|
Batting: LHB Randy Schlosser
|
0-0: Ball 1-0: Foul Ball, location: 2F 1-1: SINGLE (Flyball, 8LS) Quigley Gibson to second
|
Batting: RHB Miguel Luna
|
0-0: Ball 1-0: Ball 2-0: Ball 3-0: Called Strike 3-1: Foul Ball, location: 2F 3-2: Foul Ball, location: 2F 3-2: Base on Balls Quigley Gibson to third Randy Schlosser to second
|
Batting: LHB Ned Durand
|
0-0: SINGLE (Line Drive, 9LS) Quigley Gibson scores Randy Schlosser to third Miguel Luna to second
|
Batting: RHB Jung-hwan Kwon
|
0-0: Ball 1-0: Called Strike 1-1: SINGLE (Flyball, 7LS) Randy Schlosser scores Miguel Luna to third Ned Durand to second Runner from 3rd tries for Home, SAFE, no throw or cutoff
|
Pitching: RHP Jim Unknown
|
|
Batting: LHB Ramón Félix
|
0-0: Called Strike 0-1: DOUBLE (Line Drive, 9LS) Ned Durand scores Jung-hwan Kwon to third Runner from 3rd tries for Home, SAFE, no throw or cutoff
|
Batting: RHB Adrian Rodgers
|
0-0: Ball 1-0: Swinging Strike 1-1: Ball 2-1: Ball 3-1: Foul Ball, location: 2F 3-2: Fly out, F7 (Flyball, 78S)
|
Batting: RHB Ted Stephens
|
0-0: SINGLE (Groundball, 5L) (infield hit) Ramón Félix to third
|
Batting: SHB Juan Rivas
|
0-0: Called Strike 0-1: Ball 1-1: Called Strike 1-2: Strikes out looking
|
Bottom of the 4th over - 5 run(s), 5 hit(s), 1 error(s), 2 left on base; Galesburg 0 - Idaho Falls 9 |
TOP OF THE 5TH |
Galesburg Guzzlers batting - Pitching for Idaho Falls Chukars : RHP Hartmann Riedman
|
Batting: LHB Martín Cruz
|
0-0: Called Strike 0-1: Ball 1-1: Called Strike 1-2: Ball 2-2: Ball 3-2: Strikes out swinging
|
Batting: RHB Bubba Blevins
|
0-0: Called Strike 0-1: Ball 1-1: Ball 2-1: Foul Ball, location: 2F 2-2: Ball 3-2: Strikes out swinging
|
Batting: LHB Jim Unknown
|
0-0: Foul Ball, location: 2F 0-1: Reached on Error, E8 (Flyball, 8RS)
|
Pitching: RHP Folkert van Huizen
|
|
Batting: RHB Ralph Gilbert
|
0-0: Foul Ball, location: 2F 0-1: Called Strike 0-2: Ball 1-2: Ball 2-2: Ground out 4-3 (Groundball, 34)
|
Top of the 5th over - 0 run(s), 0 hit(s), 1 error(s), 1 left on base; Galesburg 0 - Idaho Falls 9 |
BOTTOM OF THE 5TH |
Idaho Falls Chukars batting - Pitching for Galesburg Guzzlers : RHP Jim Unknown
|
Batting: RHB Quigley Gibson
|
0-0: Ball 1-0: Called Strike 1-1: Swinging Strike 1-2: Ball 2-2: Ball 3-2: Ground out 4-3 (Groundball, 34)
|
Batting: LHB Randy Schlosser
|
0-0: Called Strike 0-1: Foul Ball, location: 2F 0-2: Foul Ball, location: 2F 0-2: Strikes out swinging
|
Batting: RHB Miguel Luna
|
0-0: Foul Ball, location: 2F 0-1: Foul Ball, location: 2F 0-2: Ball 1-2: Fly out, F8 (Flyball, 8RM)
|
Bottom of the 5th over - 0 run(s), 0 hit(s), 0 error(s), 0 left on base; Galesburg 0 - Idaho Falls 9 |
TOP OF THE 6TH |
Galesburg Guzzlers batting - Pitching for Idaho Falls Chukars : RHP Folkert van Huizen
|
Batting: LHB Chris Etheridge
|
0-0: Ball 1-0: Ground out 3-1 (Groundball, 3)
|
Batting: RHB Meka Knight
|
0-0: Foul Ball, location: 2F 0-1: Ball 1-1: Ball 2-1: Ground out 5-3 (Groundball, 5L)
|
Batting: SHB Thomas Sherman
|
0-0: Ball 1-0: Called Strike 1-1: Ball 2-1: Ball 3-1: Base on Balls
|
Batting: RHB Daniel Ybarra
|
0-0: Swinging Strike 0-1: Fly out, F2 (Popup, 2LF)
|
Top of the 6th over - 0 run(s), 0 hit(s), 0 error(s), 1 left on base; Galesburg 0 - Idaho Falls 9 |
BOTTOM OF THE 6TH |
Idaho Falls Chukars batting - Pitching for Galesburg Guzzlers : RHP Jim Unknown
|
Batting: LHB Ned Durand
|
0-0: Ball 1-0: Ball 2-0: Foul Ball, location: 2F 2-1: Ball 3-1: DOUBLE (Line Drive, 9LM)
|
Batting: RHB Jung-hwan Kwon
|
0-0: Ball 1-0: Called Strike 1-1: Swinging Strike 1-2: Fly out, F4 (Popup, 89S)
|
Batting: LHB Ramón Félix
|
0-0: Called Strike 0-1: Ground out 3-1 (Groundball, 34S) Ned Durand to third
|
Batting: RHB Adrian Rodgers
|
0-0: Ball 1-0: Ball 2-0: Ball 3-0: Base on Balls
|
Batting: RHB Ted Stephens
|
0-0: Ball 1-0: Foul Ball, location: 2F 1-1: Ball 2-1: Ground out 5-3 (Groundball, 56)
|
Bottom of the 6th over - 0 run(s), 1 hit(s), 0 error(s), 2 left on base; Galesburg 0 - Idaho Falls 9 |
TOP OF THE 7TH |
Galesburg Guzzlers batting - Pitching for Idaho Falls Chukars : RHP Folkert van Huizen
|
Batting: RHB Mark Vidal
|
0-0: Called Strike 0-1: Foul Ball, location: 2F 0-2: Ball 1-2: Ball 2-2: Foul Ball, location: 2F 2-2: Strikes out looking
|
Batting: LHB Martín Cruz
|
0-0: Ball 1-0: SINGLE (Flyball, 8LS)
|
Batting: RHB Bubba Blevins
|
0-0: Ball Martín Cruz steals 2nd base 1-0: Called Strike 1-1: Foul Ball, location: 2F 1-2: Foul Ball, location: 2F 1-2: Foul Ball, location: 2F 1-2: Foul Ball, location: 2F 1-2: Ground out 4-3 (Groundball, 34) Martín Cruz to third
|
Batting: LHB Jim Unknown
|
0-0: Fly out, F7 (Flyball, 7D)
|
Top of the 7th over - 0 run(s), 1 hit(s), 0 error(s), 1 left on base; Galesburg 0 - Idaho Falls 9 |
BOTTOM OF THE 7TH |
Idaho Falls Chukars batting - Pitching for Galesburg Guzzlers : RHP Jim Unknown
|
Batting: SHB Juan Rivas
|
0-0: Ball 1-0: Ground out 3-1 (Groundball, 34)
|
Batting: RHB Quigley Gibson
|
0-0: Ball 1-0: Swinging Strike 1-1: Ball 2-1: Ball 3-1: Fly out, F3 (Popup, 3F)
|
Batting: LHB Randy Schlosser
|
0-0: Fly out, F7 (Flyball, 7M)
|
Bottom of the 7th over - 0 run(s), 0 hit(s), 0 error(s), 0 left on base; Galesburg 0 - Idaho Falls 9 |
TOP OF THE 8TH |
Galesburg Guzzlers batting - Pitching for Idaho Falls Chukars : RHP Folkert van Huizen
|
Now at 2B: Lee Faught
|
|
Now at SS: Kenny Rush
|
|
Batting: RHB Ralph Gilbert
|
0-0: Ball 1-0: Foul Ball, location: 2F 1-1: Swinging Strike 1-2: Strikes out looking
|
Batting: LHB Chris Etheridge
|
0-0: Called Strike 0-1: Swinging Strike 0-2: Ball 1-2: Strikes out swinging
|
Batting: RHB Meka Knight
|
0-0: Ball 1-0: Fly out, F5 (Popup, 25F)
|
Top of the 8th over - 0 run(s), 0 hit(s), 0 error(s), 0 left on base; Galesburg 0 - Idaho Falls 9 |
BOTTOM OF THE 8TH |
Idaho Falls Chukars batting - Pitching for Galesburg Guzzlers : RHP Jim Unknown
|
Pitching: RHP Dan Cain
|
|
Now at 1B: Jim Unknown
|
|
Batting: RHB Miguel Luna
|
0-0: Ball 1-0: Ground out 4-3 (Groundball, 34)
|
Batting: LHB Ned Durand
|
0-0: Ball 1-0: Called Strike 1-1: Called Strike 1-2: Ball 2-2: Ball 3-2: Strikes out swinging
|
Batting: RHB Jung-hwan Kwon
|
0-0: Ball 1-0: Called Strike 1-1: SINGLE (Line Drive, 8LS)
|
Batting: LHB Ramón Félix
|
0-0: Ball 1-0: Ball 2-0: Ball 3-0: Called Strike 3-1: Base on Balls Jung-hwan Kwon to second
|
Batting: RHB Adrian Rodgers
|
0-0: Foul Ball, location: 2F 0-1: Fly out, F8 (Flyball, 8RM)
|
Bottom of the 8th over - 0 run(s), 1 hit(s), 0 error(s), 2 left on base; Galesburg 0 - Idaho Falls 9 |
TOP OF THE 9TH |
Galesburg Guzzlers batting - Pitching for Idaho Falls Chukars : RHP Folkert van Huizen
|
Now in RF: Dave Watts
|
|
Batting: SHB Thomas Sherman
|
0-0: Called Strike 0-1: Foul Ball, location: 2F 0-2: Ball 1-2: Ground out U3 (Groundball, 3)
|
Batting: RHB Daniel Ybarra
|
0-0: Ball 1-0: Swinging Strike 1-1: Called Strike 1-2: Ground out 6-3 (Groundball, 6M)
|
Batting: RHB Mark Vidal
|
0-0: Ball 1-0: DOUBLE (Groundball, 5L)
|
Batting: LHB Martín Cruz
|
0-0: Fly out, F3 (Popup, 3SF)
|
Top of the 9th over - 0 run(s), 1 hit(s), 0 error(s), 1 left on base; Galesburg 0 - Idaho Falls 9 |
|